 Dungeon Crawl Stone Soup version 0.30-a0-585-g93115170b9 (webtiles) character file.

Game seed: 11081593168857380181

1765484 Twinkles the Wrestler (level 26, 279/279 HPs)
             Began as a Troll Gladiator on Dec 31, 2022.
             Was the Champion of Jiyva.
             Escaped with the Orb
             ... and 3 runes on Jan 2, 2023!
             The game lasted 05:52:18 (61631 turns).

Twinkles the Wrestler (Troll Gladiator)            Turns: 61631, Time: 05:52:19

Health: 279/279    AC: 45    Str: 42    XL:     26   Next: 26%
Magic:  31/31      EV: 13    Int:  4    God:    Jiyva [******]
Gold:   2473       SH: 12    Dex: 16    Spells: 12/25 levels left

rFire   + + .      SeeInvis .      - Unarmed
rCold   + + .      Faith    .    u - +0 kite shield
rNeg    . . .      Spirit   .    s - +11 gold dragon scales
rPois   +          Reflect  .    Q - +2 hat
rElec   .          Harm     .    f - +1 cloak {Will+}
rCorr   +          Rampage  .    (gloves unavailable)
Will    ++...                    (boots unavailable)
Stlth   x                          - amulet of regeneration
HPRegen 3.86/turn                k - ring "Jagypole" {AC+4 Str+5 Dex+5}
MPRegen 0.72/turn                l - ring "Suusoj" {rF+ rC+ MP+9 AC+4}

@: no status effects
A: large, unfitting armour, claws 3, regeneration 1, shaggy fur 1, tough skin 1
0: Orb of Zot
}: 3/15 runes: decaying, slimy, gossamer
a: Renounce Religion, Oozemancy, Slimify


You escaped.
You worshipped Jiyva.
Jiyva was exalted by your worship.
You visited 12 branches of the dungeon, and saw 55 of its levels.
You also visited: Gauntlet, Ice Cave and Wizlab.

You collected 5179 gold pieces.
You spent 2706 gold pieces at shops.

Inventory:

Hand Weapons
 o - a +9 giant spiked club of flaming
Missiles
 b - 2 silver javelins
 c - 10 throwing nets
 p - 22 boomerangs
 r - 13 javelins
 v - 56 poisoned darts
 W - 22 large rocks (quivered)
 Z - 4 curare-tipped darts
Armour
 f - a +1 cloak of willpower (worn)
 s - +11 gold dragon scales (worn)
 u - a +0 kite shield (worn)
 Q - a +2 hat (worn)
Jewellery
 a - the amulet of Weochec {Spirit +Inv rN+++ Dex-3 Stlth+}
   (You found it in a Gauntlet)

   [amulet of guardian spirit]

   It causes incoming damage to be divided between your reserves of health and
   magic.
   Dex:       It affects your dexterity (-3).
   rN:        It renders you almost immune to negative energy.
   +Inv:      It lets you turn invisible.
   Stlth:     It makes you more stealthy.
 g - a ring of protection from cold
 k - the ring "Jagypole" (left claw) {AC+4 Str+5 Dex+5}
   (You found it on level 4 of the Spider Nest)

   [ring of protection]

   AC:        It affects your AC (+4).
   Str:       It affects your strength (+5).
   Dex:       It affects your dexterity (+5).
 l - the ring "Suusoj" (right claw) {rF+ rC+ MP+9 AC+4}
   (You took it off a deep elf death mage on level 3 of the Elven Halls)

   [ring of protection]

   AC:        It affects your AC (+4).
   rF:        It protects you from fire.
   rC:        It protects you from cold.
   MP:        It affects your magic capacity (+9).
 m - the ring of Autumn {rC+ MP+9 Str+3 SInv}
   (You found it on level 3 of the Elven Halls)

   [ring of magical power]

   Str:       It affects your strength (+3).
   rC:        It protects you from cold.
   MP:        It affects your magic capacity (+9).
   SInv:      It lets you see invisible.
 n - the ring of the Tempest {Ice rPois Will+}
   (You took it off a minotaur in a Gauntlet)

   [ring of ice]

   It enhances your ice magic.
   rF:        It makes you vulnerable to fire.
   rC:        It protects you from cold.
   rPois:     It protects you from poison.
   Will:      It increases your willpower.
 t - an amulet of the acrobat
 w - the ring "Xesmig" {rElec rPois rN+ Int+4 Stlth-}
   (You found it on level 12 of the Dungeon)

   [ring of poison resistance]

   Int:       It affects your intelligence (+4).
   rElec:     It insulates you from electricity.
   rPois:     It protects you from poison.
   rN:        It protects you from negative energy.
   Stlth:     It makes you less stealthy.
 x - an amulet of regeneration (around neck)
 B - an amulet of reflection
 L - a ring of flight
 V - the ring "Xocaroif" {Wiz Str+6}
   (You found it on level 5 of the Lair of Beasts)

   [ring of wizardry]

   It improves your spell success rate.
   Str:       It affects your strength (+6).
Wands
 d - a wand of digging (33)
 e - a wand of charming (13)
 h - a wand of light (30)
 i - a wand of iceblast (42)
 j - a wand of polymorph (12)
 q - a wand of flame (31)
 y - a wand of mindburst (27)
Scrolls
 D - 8 scrolls of blinking
 E - 8 scrolls of fear
 F - 8 scrolls of fog
 K - 7 scrolls of immolation
 O - a scroll of silence
 S - a scroll of summoning
 X - a scroll of magic mapping
 Y - 12 scrolls of teleportation
Potions
 A - 4 potions of attraction
 C - 3 potions of cancellation
 G - 8 potions of ambrosia
 H - 7 potions of haste
 I - a potion of invisibility
 J - 13 potions of curing
 M - 7 potions of might
 N - 12 potions of heal wounds
 P - 4 potions of lignification
 R - 2 potions of resistance
 T - 4 potions of berserk rage
 U - 4 potions of mutation
Miscellaneous
 z - a box of beasts


   Skills:
 + Level 19.1 Fighting
 + Level 18.9 Throwing
 + Level 14.3 Armour
 + Level 18.3 Dodging
 - Level 11.9 Shields
 + Level 24.5 Unarmed Combat
 - Level 7.0 Translocations


You had 12 spell levels left.
You knew the following spells:

 Your Spells              Type           Power      Damage    Failure   Level
a - Lesser Beckoning      Tloc           10%        N/A       80%         3
b - Apportation           Tloc           10%        N/A       41%         1
c - Gell's Gravitas       Tloc           5%         N/A       80%         3
d - Blink                 Tloc           10%        N/A       56%         2
e - Manifold Assault      Tloc           5%         N/A       99%         4

Your spell library contained the following spells:

 Spells                   Type           Power      Damage    Failure   Level
 Teleport Other           Tloc           5%         N/A       80%         3
 Momentum Strike          Conj/Tloc      4%         3d8       96%         2
 Portal Projectile        Hex/Tloc       4%         N/A       99%         3
 Passage of Golubria      Tloc           5%         N/A       99%         4
 Magic Dart               Conj           0%         1d3       100%        1
 Sandblast                Erth           0%         2d4       100%        1
 Slow                     Hex            0%         N/A       100%        1
 Sting                    Tmut/Pois      0%         1d3       100%        1
 Cigotuvi's Dreadful Rot  Necr/Pois/Air  0%         N/A       100%        2
 Passwall                 Tmut/Erth      0%         N/A       100%        2
 Poisonous Vapours        Pois/Air       0%         N/A       100%        2
 Scorch                   Fire           0%         2d5       100%        2
 Searing Ray              Conj           0%         2d4       100%        2
 Dazzling Flash           Conj/Hex       0%         N/A       100%        3
 Ignite Poison            Fire/Tmut/Pois 0%         N/A       100%        3
 Inner Flame              Hex/Fire       0%         N/A       100%        3
 Kindle Blastsparks       Fire/Tloc/Air  2%         2d10      100%        3
 Mephitic Cloud           Conj/Pois/Air  0%         N/A       100%        3
 Ozocubu's Armour         Ice            0%         N/A       100%        3
 Spider Form              Tmut/Pois      0%         N/A       100%        3
 Stone Arrow              Conj/Erth      0%         3d7       100%        3
 Summon Guardian Golem    Hex/Summ       0%         N/A       100%        3
 Tukima's Dance           Hex            0%         N/A       100%        3
 Animate Armour           Summ/Erth      0%         N/A       100%        4
 Cause Fear               Hex            0%         N/A       100%        4
 Flame Wave               Conj/Fire      0%         2d4       100%        4
 Fulminant Prism          Conj/Hex       0%         3d5       100%        4
 Leda's Liquefaction      Hex/Erth       0%         N/A       100%        4
 Olgreb's Toxic Radiance  Pois           0%         N/A       100%        4
 Petrify                  Tmut/Erth      0%         N/A       100%        4
 Sticky Flame             Conj/Fire      0%         2d3       100%        4
 Summon Ice Beast         Ice/Summ       0%         N/A       100%        4
 Summon Lightning Spire   Summ/Air       0%         N/A       100%        4
 Alistair's Intoxication  Tmut/Pois      0%         N/A       100%        5
 Blade Hands              Tmut           0%         N/A       100%        5
 Freezing Cloud           Conj/Ice/Air   0%         6-21      100%        5
 Irradiate                Conj/Tmut      0%         3d11      100%        5
 Lee's Rapid Deconstruct  Erth           0%         3d4*      100%        5
 Metabolic Englaciation   Hex/Ice        0%         N/A       100%        5
 Summon Forest            Summ/Tloc      1%         N/A       100%        5
 Summon Mana Viper        Hex/Summ       0%         N/A       100%        5
 Conjure Ball Lightning   Conj/Air       0%         3x3d6     100%        6
 Dispersal                Tloc           2%         N/A       100%        6
 Simulacrum               Ice/Necr       0%         N/A       100%        6
 Statue Form              Tmut/Erth      0%         N/A       100%        6
 Summon Cactus Giant      Summ           0%         N/A       100%        6
 Dragon Form              Tmut           0%         N/A       100%        7
 Haunt                    Necr/Summ      0%         N/A       100%        7
 Monstrous Menagerie      Summ           0%         N/A       100%        7
 Orb of Destruction       Conj           0%         9d5       100%        7
 Ozocubu's Refrigeration  Ice            0%         4d7       100%        7
 Spellforged Servitor     Conj/Summ      0%         N/A       100%        7
 Storm Form               Tmut/Air       0%         N/A       100%        7
 Discord                  Hex            0%         N/A       100%        8
 Disjunction              Tloc           2%         N/A       100%        8
 Ignition                 Fire           0%         3d3       100%        8
 Lehudib's Crystal Spear  Conj/Erth      0%         10d2      100%        8
 Chain Lightning          Conj/Air       0%         N/A       100%        9
 Polar Vortex             Ice            0%         N/A       100%        9


Dungeon Overview and Level Annotations

Branches:
Dungeon (15/15)            Temple (1/1) D:7            Lair (5/5) D:11
  Swamp (4/4) Lair:3       Spider (4/4) Lair:2        Slime (5/5) Lair:5
    Orc (2/2) D:12            Elf (3/3) Orc:2        Vaults (4/5) D:14
  Crypt (3/3) Vaults:3       Tomb (0/3) Crypt:3      Depths (4/4) D:15
    Zot (5/5) Depths:4      IceCv (visited)          WizLab (visited)
Gauntlet (visited)

Altars:
Ashenzari
Cheibriados
Dithmenos
Elyvilon
Fedhas
Gozag
Hepliaklqana
Kikubaaqudgha
Makhleb
Nemelex Xobeh
Okawaru
Qazlal
Ru
Sif Muna
Trog
Uskayaw
Vehumet
Wu Jian
Xom
Yredelemnul
Zin
The Shining One
Jiyva

Shops:
D:5 [   D:11 [   Orc:1 [   Orc:2 ?*(:   Elf:1 !([:   Elf:2 (   Vaults:3 (
Depths:1 =::

Portals:
Hell: Depths:1 Depths:2 Depths:3 Depths:4
Abyss: Depths:3 Depths:4
Pandemonium: Depths:2
Ziggurat: Depths:2

Annotations:
D:6 exclusion: door
Slime:5 Royal Jelly
Vaults:4 Mennas


Innate Abilities, Weirdness & Mutations

You are too large for most types of armour.
You have claws for hands.
Your natural rate of healing is unusually fast.
You are covered in fur. (AC +1)
You have tough skin. (AC +1)


Message History

You feel extremely strange.
Your iridescent scales disappear.
The eyeballs on your body disappear.
Unknown command.
Really quaff the potion of mutation?
You feel extremely strange.
Your hooves expand and flesh out into feet!
Your body returns to its normal consistency.
You feel less resistant to poisons.
Unknown command.
Really quaff the potion of mutation?
You feel extremely strange.
You feel stupid.
Your hidden genetic potential wanes.
Your body twists and deforms.
You no longer feel a hidden potential within.
You feel agile.
Unknown command.
Really quaff the potion of mutation?
You feel extremely strange.
Your beak shortens and softens into a mouth.
Your pseudopods become smaller.
Your body's shape seems more normal.
Iridescent scales grow over part of your body.
Unknown command.
Really quaff the potion of mutation?
You feel extremely strange.
Your iridescent scales disappear.
You feel clumsy. A pair of antennae grows on your head!
Your skin functions as natural camouflage.
Unknown command.
Really quaff the potion of mutation?
You feel extremely strange. The antennae on your head shrink away.
Your pseudopods become smaller.
Your skin no longer functions as natural camouflage.
Your toenails lengthen and sharpen.
You feel robust.
Really quaff the potion of mutation?
You feel extremely strange.
Your pseudopods retract into your body.
You feel frail.
Your talons dull and shrink into feet.
You feel agile.
You feel clumsy.
Unknown command.
Unknown command.
You have escaped!

#....)#### #.....................
#.....#..#######.#######.........
.....##....####...####...........
.....###.....#..~..#.....#..####.
......##8..~....~....~..8#.....#.
......###...~..~~~..~...##.#.....
###...##.....~~~~~~~.....#.......
......#....~~~~...~~~~...........
......#..~~~~~..@..~~~~~.....###'
......#....~~~~...~~~~.......#...
......##.....~~~~~~~.....#.......
###...###...~..~~~..~...##.......
###...##8..~....~....~..8#......#
.......#.....#..~..#.....#......#
...........####...####..........#
.........#######.#######..#.....#
.......### #.....#...# #........#


There were no monsters in sight!

Vanquished Creatures
  5 dread liches
  5 orbs of fire
  The ghost of Uroast the Impregnable, a veteran MiGl of Hepliaklqana (Crypt:2)
  The ghost of Luix the Impregnable, a veteran MiGl of Hepliaklqana (Crypt:1)
  Vv (Zot:1)
  The ghost of Hynwimna the Slayer, a veteran MiGl of Okawaru (Elf:2)
  8 Killer Klowns
  Frederick (Vaults:3)
  3 curse toes
  14 golden dragons
  The ghost of Zievuyg the Executioner, an adept MiFi of the Shining One (Crypt:2)
  Arachne (Spider:4)
  2 bone dragons (Crypt:3)
  The ghost of Onexaaje the Warrior, an adept GrFi of Cheibriados (Crypt:1)
  The ghost of Dugafar the Warrior, an adept GrFi of Cheibriados (Crypt:2)
  The ghost of Olih Byd the Warrior, an adept GrFi of Cheibriados (Crypt:1)
  3 electric golems
  A Tzitzimitl (Depths:2)
  2 doom hounds (Depths:2)
  Zenata (Vaults:4)
  14 tentacled monstrosities
  2 hellephants (Depths:3)
  A Hell Sentinel (Depths:2)
  27 Orb Guardians
  Mlioglotl (Swamp:4)
  A shard shrike skeleton (Crypt:3)
  Rupert (Orc:2)
  6 quicksilver dragons
  3 deep elf blademasters
  7 liches
  A walking divine tome (WizLab)
  A walking earthen tome (Depths:3)
  Grunn (Depths:2)
  A titan (Depths:2)
  10 death cobs
  9 sphinxes
  6 ancient champions
  2 Executioners
  5 shadow dragons
  Kirke (Swamp:2)
  Agnes (D:15)
  Roxanne (Spider:4)
  2 thorn hunters
  The ghost of Kacaoki the Warrior, an adept MiBe of Trog (Swamp:2)
  2 strange machines (WizLab)
  9 storm dragons
  2 tengu reavers
  3 revenants
  Donald (Orc:2)
  4 draconian monks
  4 draconian knights
  2 iron dragons
  8 ghost moths
  6 deep elf sorcerers
  8 frost giants
  6 draconian scorchers
  A balrug (D:15)
  8 emperor scorpions
  9 draconian shifters
  8 vault wardens
  4 curse skulls
  4 fire giants
  Aizul (Swamp:3)
  6 deep elf elementalists
  A spriggan defender (Depths:2)
  An orc warlord (Vaults:3)
  9 ghouls
  2 reapers
  5 caustic shrike skeletons
  12 draconian annihilators
  3 broodmothers
  20 ironbound preservers
  19 very ugly things
  2 juggernaut skeletons (Crypt:3)
  6 draconian stormcallers
  7 ironbound thunderhulks
  6 stone giants
  A war gargoyle (Vaults:4)
  6 vampire knights
  6 deep elf demonologists
  6 deep elf annihilators
  11 green draconians
  13 white draconians
  12 black draconians
  10 dire elephants
  11 yellow draconians
  5 eleionomae
  8 red draconians
  The ghost of Taurus the Severer, a journeyman MiFi of the Shining One (Elf:1)
  10 purple draconians
  13 spark wasps
  A minotaur (Gauntlet)
  3 bunyips
  3 eidola
  A blizzard demon (Gauntlet)
  13 ettins
  3 crystal guardians (Vaults:4)
  3 green deaths
  Josephine (D:11)
  7 deep elf death magi
  6 entropy weavers
  10 yaktaur captains
  A quicksilver dragon zombie (Crypt:1)
  A shambling mangrove (Swamp:2)
  A merfolk impaler (Depths:2)
  7 jiangshi
  11 fire dragons
  The ghost of Coanextu the Cleaver, a journeyman HOFi of Beogh (D:13)
  3 deep elf high priests (Elf:3)
  11 rakshasas
  2 vault guards (Vaults:3)
  17 hydras
  5 ice dragons
  14 centaur warriors
  2 ogre magi
  2 ghost crabs (Swamp:2)
  2 radroaches (Spider:3)
  11 ironbound frosthearts
  A hell beast (Swamp:4)
  5 spriggan skeletons (Crypt:3)
  A peacekeeper (Vaults:4)
  A death knight (Crypt:1)
  13 alligators
  A merfolk avatar (Lair:5)
  5 deep troll shamans
  The ghost of liarliar the Tainter, a journeyman OpFE of Cheibriados (Lair:2)
  11 tengu warriors
  11 two-headed ogres
  43 dancing weapons
  9 boulder beetles
  3 spriggan air magi
  A death scarab (Depths:1)
  9 hell hogs (Depths:3)
  3 death yaks (D:11)
  A fenstrider witch skeleton (Crypt:3)
  7 deep troll earth magi
  A spriggan berserker (Depths:2)
  9 vampire magi
  Urug (Orc:1)
  3 orc high priests
  A thrashing horror (Swamp:4)
  4 sun demons (D:15)
  Sonja (Lair:4)
  4 spriggans
  5 hell knights (Depths:4)
  16 deep elf knights
  4 soul eaters
  4 iron trolls
  A salamander mystic (Depths:3)
  Amaemon (D:8)
  A fire crab (Lair:2)
  56 skeletal warriors
  7 pharaoh ants
  2 titan skeletons
  3 shadow wraiths
  A sun moth (Spider:1)
  A golden dragon zombie (D:15)
  A sixfirhy (D:9)
  3 goliath frogs
  3 spriggan druids
  A sea snake (Lair:5)
  A spriggan simulacrum (Crypt:3)
  78 deep trolls
  An iron giant skeleton (Crypt:3)
  13 deep elf archers
  3 flayed ghosts (Crypt:3)
  7 wizards
  11 bog bodies
  An obsidian statue (Vaults:3)
  11 orb spiders
  A shadow dragon zombie (Crypt:3)
  3 necromancers
  29 deep elf zephyrmancers
  4 harpies (Vaults:2)
  4 swamp dragons
  2 golden dragon skeletons
  6 steelbarb worms
  4 lindwurms
  2 frost giant zombies
  46 deep elf pyromancers
  5 phantasmal warriors
  2 sphinx zombies
  11 ironbound convokers
  16 wolf spiders
  7 orc knights
  A tengu skeleton (Crypt:3)
  2 salamanders (Depths:3)
  A stone giant zombie (Crypt:2)
  A shadow dragon skeleton (Crypt:3)
  A salamander (shapeshifter) (D:13)
  4 orc sorcerers (Orc:2)
  32 ugly things
  A will-o-the-wisp (Swamp:2)
  6 cyclopes
  34 moths of wrath
  Maurice (D:8)
  3 black mambas
  3 manticores
  18 elephants
  An ice statue (Gauntlet)
  3 torpor snails
  A shock serpent skeleton (Crypt:3)
  10 vault sentinels
  A stone giant skeleton (Crypt:3)
  4 orange demons
  2 centaur skeletons (Crypt:3)
  An unseen horror (D:12)
  8 demonic crawlers
  Psyche (D:8)
  A dire elephant skeleton (Crypt:3)
  14 cane toads
  3 kobold demonologists (D:11)
  3 freezing wraiths
  A yellow draconian zombie (Crypt:2)
  8 rime drakes
  An alligator snapping turtle skeleton (Crypt:3)
  10 komodo dragons
  A komodo dragon (shapeshifter) (D:14)
  A sea snake zombie (Crypt:3)
  12 yaktaurs
  A white draconian skeleton (Crypt:1)
  2 ice devils
  3 tengu conjurers
  A minotaur skeleton (Crypt:1)
  A harpy zombie (Crypt:1)
  9 trolls
  2 meliai
  A queen bee (Lair:3)
  A hellwing (Depths:3)
  4 hornets
  23 tarantellas
  6 polar bears
  A blink frog (Lair:5)
  Grinder (D:6)
  A blink frog (shapeshifter) (D:13)
  11 tyrant leeches
  4 wind drakes (Lair:5)
  An ettin zombie (Crypt:3)
  6 air elementals
  25 jumping spiders
  A fire dragon skeleton (Crypt:3)
  A radroach zombie (Crypt:2)
  20 culicivoras
  3 shadows
  2 ettin skeletons
  15 wraiths
  15 flying skulls
  Sigmund (D:6)
  5 water elementals
  10 wyverns
  A vampire (D:11)
  4 fire bats (D:12)
  A wind drake zombie (Crypt:2)
  3 hogs (Swamp:2)
  43 yaks
  2 basilisks
  A chaos spawn (D:11)
  3 neqoxecs
  58 redbacks
  2 black mamba skeletons
  2 steam dragons
  17 vampire mosquitoes
  10 swamp worms
  A large abomination (Swamp:4)
  A demonspawn zombie (Crypt:1)
  3 wargs
  A cane toad zombie (Crypt:2)
  11 water moccasins
  3 acid dragons
  10 two-headed ogre zombies (D:14)
  A hell hound (D:12)
  2 naga skeletons (Crypt:3)
  3 swamp drakes (Swamp:3)
  A black bear (shapeshifter) (Elf:3)
  A meliai simulacrum (D:14)
  A great orb of eyes simulacrum (IceCv)
  An ice beast (D:6)
  A hornet zombie (Crypt:2)
  2 black bears
  25 orc warriors
  23 wolves
  12 ogres
  11 centaurs
  A dream sheep skeleton (Crypt:1)
  A phantom (D:5)
  A hog skeleton (Crypt:1)
  4 kobold brigands
  19 bullfrogs
  5 necrophages
  3 earth elementals
  3 gnoll sergeants
  2 scorpions
  13 wights
  28 killer bees
  8 howler monkeys
  4 electric eels
  2 lava snakes (D:12)
  2 hounds
  19 orc priests
  4 jellies
  4 gnoll boudas
  7 iguanas
  29 orc wizards
  Natasha (thrice) (D:3)
  9 mummies (Crypt:3)
  33 gnolls
  7 adders
  5 river rats (D:11)
  2 shadow imps (D:7)
  A white imp (D:7)
  A worm zombie (Crypt:2)
  A worm (D:3)
  2 adder skeletons (Crypt:3)
  A dart slug (D:4)
  68 orcs
  6 endoplasms
  4 giant cockroaches
  4 goblins
  4 hobgoblins
  5 jackals
  3 quokkas
  3 ball pythons
  A ball python zombie (Crypt:3)
  2 bats
  4 frilled lizards
  11 kobolds
  An orc zombie (Crypt:1)
  7 rats
  3 fire vortices (D:12)
2114 creatures vanquished.

Vanquished Creatures (collateral kills)
  A putrid mouth (Depths:2)
  An ice dragon (Depths:2)
2 creatures vanquished.

Vanquished Creatures (others)
  Nikola (Depths:2)
  An acid blob (Elf:3)
  An Orb Guardian (D:1)
  A death cob (Zot:1)
  A deep elf sorcerer (Elf:3)
  An ironbound preserver (Vaults:1)
  An ironbound thunderhulk (Vaults:1)
  A vampire knight (Depths:4)
  A deep elf annihilator (Elf:3)
  7 great orbs of eyes
  A deep elf high priest (Elf:3)
  A pharaoh ant (Spider:4)
  A deep troll (Vaults:1)
  A glowing orange brain (Depths:3)
  2 orb spiders (Spider:4)
  A swamp dragon (Swamp:4)
  A deep elf archer (Elf:2)
  An ironbound convoker (Vaults:1)
  2 deep elf zephyrmancers
  2 ugly things
  36 slime creatures
  A shining eye (shapeshifter) (Elf:2)
  A guardian serpent (shapeshifter) (Vaults:1)
  3 moths of wrath
  An eye of devastation (shapeshifter) (Elf:2)
  A vault sentinel (Vaults:1)
  A water nymph (shapeshifter) (Elf:2)
  A guardian mummy (Crypt:3)
  A tormentor (Depths:2)
  A tyrant leech (shapeshifter) (Elf:2)
  A slime creature (shapeshifter) (Elf:2)
  A wyvern (shapeshifter) (Vaults:1)
  A water elemental (Elf:3)
  A spriggan (shapeshifter) (Elf:2)
  3 floating eyes
  4 vampire mosquitoes (D:12)
  A human (shapeshifter) (Elf:1)
  2 redbacks
  A swamp worm (shapeshifter) (Elf:2)
  2 floating eyes (shapeshifter)
  A merfolk skeleton (Crypt:3)
  An orc warrior (Orc:2)
  A boggart (Elf:1)
  2 centaurs (D:14)
  297 jellies
  A scorpion (shapeshifter) (Elf:2)
  6 orc wizards (Orc:2)
  2 mummies (Crypt:3)
  A gnoll (Orc:1)
  2 orcs
  An endoplasm (Lair:5)
  A goblin skeleton (Crypt:1)
  4 bushes (Lair:5)
  8 foxfires (Swamp:2)
  37 fungi
  67 plants
  6 withered plants
531 creatures vanquished.

Grand Total: 2647 creatures vanquished

Notes
Turn   | Place    | Note
-------+----------+-------------------------------------------
     0 | D:1      | Twinkles the Troll Gladiator began the quest for the Orb.
     0 | D:1      | Reached XP level 1. HP: 19/19 MP: 0/0
   619 | D:2      | Reached XP level 2. HP: 28/28 MP: 1/1
   648 | D:2      | Found an opulent altar of Gozag.
   663 | D:2      | Reached XP level 3. HP: 26/35 MP: 2/2
  1242 | D:3      | Reached XP level 4. HP: 42/42 MP: 3/3
  1478 | D:3      | Found a shimmering blue altar of Sif Muna.
  1510 | D:3      | Noticed Natasha
  1516 | D:3      | Killed Natasha
  1650 | D:3      | Reached XP level 5. HP: 50/50 MP: 4/4
  1733 | D:3      | Found a stormy altar of Qazlal.
  1733 | D:3      | Found a radiant altar of Vehumet.
  1896 | D:3      | Noticed Natasha
  1901 | D:3      | Killed Natasha
  2210 | D:4      | Reached skill level 4 in Unarmed Combat
  2228 | D:4      | Noticed an ogre
  2774 | D:4      | Reached XP level 6. HP: 47/59 MP: 5/5
  2995 | D:5      | Entered Level 5 of the Dungeon
  3335 | D:5      | Found a burning altar of Makhleb.
  3399 | D:5      | Reached skill level 1 in Shields
  3408 | D:5      | Reached skill level 5 in Unarmed Combat
  3413 | D:5      | Reached XP level 7. HP: 63/67 MP: 6/6
  3454 | D:5      | Found a glowing silver altar of Zin.
  3454 | D:5      | Noticed an angel
  3455 | D:5      | Noticed a cacodemon
  3794 | D:5      | Found Umeus's Antique Armour Emporium.
  4653 | D:6      | Reached skill level 6 in Unarmed Combat
  4737 | D:6      | Reached XP level 8. HP: 50/78 MP: 7/7
  4803 | D:6      | Noticed Grinder
  4809 | D:6      | Killed Grinder
  5047 | D:6      | Reached skill level 7 in Unarmed Combat
  5114 | D:6      | Noticed Sigmund
  5122 | D:6      | Killed Sigmund
  5157 | D:6      | Found a basalt altar of Yredelemnul.
  5170 | D:6      | Reached skill level 5 in Dodging
  5585 | D:7      | Reached XP level 9. HP: 61/85 MP: 8/8
  5712 | D:7      | Found a staircase to the Ecumenical Temple.
  5721 | Temple   | Entered the Ecumenical Temple
  5912 | Temple   | Became a worshipper of Elyvilon the Healer
  5929 | D:7      | Reached skill level 8 in Unarmed Combat
  5968 | D:7      | Reached skill level 5 in Fighting
  6297 | D:8      | Noticed Psyche
  6394 | D:8      | Reached * piety under Elyvilon
  6423 | D:8      | Noticed a two-headed ogre
  6424 | D:8      | Noticed Maurice
  6439 | D:8      | Killed a two-headed ogre
  6440 | D:8      | Reached skill level 5 in Shields
  6440 | D:8      | Reached skill level 9 in Unarmed Combat
  6490 | D:8      | Reached XP level 10. HP: 87/98 MP: 9/9
  6590 | D:8      | Killed Psyche
  6762 | D:8      | Noticed an orange demon
  6767 | D:8      | Noticed Amaemon
  6770 | D:8      | Killed an orange demon
  6777 | D:8      | HP: 29/98 [Amaemon/+0 demon whip of venom (8)]
  6794 | D:8      | Reached skill level 10 in Unarmed Combat
  6865 | D:8      | Reached skill level 1 in Armour
  6904 | D:8      | Killed Amaemon
  7115 | D:8      | Killed Maurice
  7428 | D:9      | Upgraded the game from 0.30-a0-578-gdee14c521f to
                  | 0.30-a0-585-g93115170b9
  7514 | D:9      | Found a glowing golden altar of the Shining One.
  7582 | D:9      | Noticed a two-headed ogre
  7596 | D:9      | Killed a two-headed ogre
  7597 | D:9      | Reached XP level 11. HP: 85/107 MP: 10/10
  8115 | D:5      | Bought a jewelled troll leather armour for 440 gold pieces
  8115 | D:5      | Identified the +1 troll leather armour of Twilight {rF+
                  | Regen+ rCorr} (You bought it in a shop on level 5 of the
                  | Dungeon)
  8386 | D:9      | Noticed a two-headed ogre
  8409 | D:9      | Killed a two-headed ogre
  8410 | D:9      | Reached skill level 11 in Unarmed Combat
  8587 | D:9      | Reached ** piety under Elyvilon
  8794 | D:10     | Entered Level 10 of the Dungeon
  8963 | D:10     | Found a bloodstained altar of Trog.
  9110 | D:10     | Noticed a two-headed ogre
  9116 | D:10     | Killed a two-headed ogre
  9549 | D:11     | Found Wuod's Armour Emporium.
  9585 | D:11     | Reached *** piety under Elyvilon
  9609 | D:11     | Noticed a death yak
  9609 | D:11     | Noticed a death yak
  9660 | D:11     | Killed a death yak
  9726 | D:11     | Noticed Josephine
  9744 | D:11     | Killed Josephine
  9832 | D:11     | Found a staircase to the Lair.
  9875 | D:11     | Identified the +1 leather armour "Fymaphink" {*Slow +Blink
                  | rElec Dex+3}
  9970 | D:11     | Reached XP level 12. HP: 85/118 MP: 11/11
 10064 | D:11     | Reached skill level 5 in Throwing
 10104 | D:11     | Noticed a boulder beetle
 10118 | D:11     | Killed a boulder beetle
 10143 | D:11     | Noticed an eight-headed hydra
 10148 | D:11     | Killed an eight-headed hydra
 10682 | D:11     | Reached **** piety under Elyvilon
 10813 | Lair:1   | Entered Level 1 of the Lair of Beasts
 11066 | Lair:1   | Reached skill level 12 in Unarmed Combat
 11897 | Lair:2   | Reached skill level 5 in Armour
 12135 | Lair:2   | Reached ***** piety under Elyvilon
 12281 | Lair:2   | Found a hole to the Spider Nest.
 12539 | Lair:2   | Found a runed translucent gate.
 12539 | Lair:2   | Found a runed translucent gate.
 12540 | Lair:2   | Found a runed translucent gate.
 12542 | Lair:2   | Noticed liarliar's ghost (journeyman OpFE)
 12937 | Lair:3   | Noticed a five-headed hydra
 12937 | Lair:3   | Noticed a five-headed hydra
 12994 | Lair:3   | Reached XP level 13. HP: 123/128 MP: 12/12
 13492 | Lair:3   | Found a staircase to the Swamp.
 14143 | Lair:4   | Found a frozen archway.
 14167 | IceCv    | Entered an ice cave
 14303 | Lair:4   | Reached skill level 13 in Unarmed Combat
 14314 | Lair:4   | Noticed Sonja
 14317 | Lair:4   | Killed Sonja
 14489 | Lair:4   | Reached ****** piety under Elyvilon
 14570 | Lair:4   | Identified the +7 dagger "Bipat" {drain, rPois rF- Str-5
                  | Int+8}
 14888 | Lair:5   | Entered Level 5 of the Lair of Beasts
 14970 | Lair:5   | Identified the ring "Xocaroif" {Wiz Str+6}
 15047 | Lair:5   | Found a staircase to the Slime Pits.
 15047 | Lair:5   | Found a viscous altar of Jiyva.
 15130 | Lair:5   | Fell from the grace of Elyvilon
 15130 | Lair:5   | Became a worshipper of Jiyva Joemumom the Shapeless
 15331 | Lair:5   | Reached XP level 14. HP: 107/140 MP: 13/13
 15499 | Lair:5   | Reached * piety under Jiyva
 15636 | Lair:5   | Identified the +6 hand axe of Ywnopiob {venom, +Blink rPois
                  | Str-2 Int+3}
 16019 | D:11     | Reached skill level 10 in Dodging
 16067 | D:12     | Identified the ring "Xesmig" {rElec rPois rN+ Int+4 Stlth-}
 16226 | D:12     | Found a gate leading to a gauntlet.
 16252 | Gauntlet | Entered a Gauntlet
 16252 | Gauntlet | Found a transporter.
 16252 | Gauntlet | Found a transporter.
 16254 | Gauntlet | Reached ** piety under Jiyva
 16256 | Gauntlet | Found a transporter.
 16265 | Gauntlet | Found a transporter.
 16280 | Gauntlet | Noticed a quicksilver ooze
 16284 | Gauntlet | Found a transporter.
 16292 | Gauntlet | Found a transporter.
 16294 | Gauntlet | Found a transporter.
 16294 | Gauntlet | Found a transporter.
 16300 | Gauntlet | Found a transporter.
 16303 | Gauntlet | Noticed a cacodemon
 16336 | Gauntlet | Found a transporter.
 16345 | Gauntlet | Found a transporter.
 16354 | Gauntlet | Found a transporter.
 16400 | Gauntlet | Found a transporter.
 16416 | Gauntlet | Found a transporter.
 16518 | Gauntlet | Found a transporter.
 16532 | Gauntlet | Found a transporter.
 16737 | Gauntlet | Identified the amulet of Weochec {Spirit +Inv rN+++ Dex-3
                  | Stlth+}
 16792 | Gauntlet | Identified the +2 cloak of Ydotuckume {rPois}
 16878 | Gauntlet | Identified the ring of the Tempest {Ice rPois Will+}
 16903 | Gauntlet | Identified the +0 ring mail of the Kangaroo {rPois Will++
                  | Int-4}
 17022 | D:12     | Reached *** piety under Jiyva
 17032 | D:12     | Reached skill level 10 in Fighting
 17109 | D:12     | Gained mutation: You are partially covered in iridescent
                  | scales. (AC +2) [Jiyva's grace]
 17109 | D:12     | Gained mutation: You are mostly covered in iridescent
                  | scales. (AC +4) [Jiyva's grace]
 17109 | D:12     | Gained mutation: You are completely covered in iridescent
                  | scales. (AC +6) [Jiyva's grace]
 17109 | D:12     | Gained mutation: Your spells are a little harder to cast,
                  | but a little more powerful. [Jiyva's grace]
 17244 | D:12     | Found a staircase to the Orcish Mines.
 17571 | D:13     | Reached skill level 14 in Unarmed Combat
 17866 | D:13     | Found a runed translucent door.
 17868 | D:13     | Noticed Coanextu's ghost (journeyman HOFi)
 17891 | D:13     | Reached **** piety under Jiyva
 17993 | D:13     | Found a basalt altar of Yredelemnul.
 17995 | D:13     | Found a hazy altar of Hepliaklqana.
 17995 | D:13     | Found an opulent altar of Gozag.
 17997 | D:13     | Found a shimmering altar of Xom.
 17997 | D:13     | Found a shimmering altar of Xom.
 17997 | D:13     | Found a hazy altar of Hepliaklqana.
 18240 | Orc:1    | Entered Level 1 of the Orcish Mines
 18306 | Orc:1    | Noticed Urug
 18323 | Orc:1    | Killed Urug
 18496 | Orc:1    | Found Voocaa's Antique Armour Shoppe.
 18603 | Orc:2    | Entered Level 2 of the Orcish Mines
 18603 | Orc:2    | Noticed Rupert
 18977 | Orc:2    | Reached ***** piety under Jiyva
 19059 | Orc:2    | Found a staircase to the Elven Halls.
 19060 | Orc:2    | Noticed Donald
 19063 | Orc:2    | Paralysed by Rupert for 5 turns
 19252 | Orc:2    | Killed Rupert
 19260 | Orc:2    | Killed Donald
 19467 | Orc:2    | Found Gifess's Magic Scroll Shoppe.
 19467 | Orc:2    | Found Zamiefee's General Store.
 19493 | Orc:2    | Reached XP level 15. HP: 130/151 MP: 11/14
 19495 | Orc:2    | Paralysed by an orc sorcerer for 4 turns
 19560 | Orc:2    | Found Plog's Book Emporium.
 19564 | Orc:2    | Found Hurora's Antique Weapon Emporium.
 19564 | Orc:2    | Lost mutation: You are completely covered in iridescent
                  | scales. (AC +6) [Jiyva's grace]
 19564 | Orc:2    | Gained mutation: Armour fits poorly on your pseudopods.
                  | [Jiyva's grace]
 19564 | Orc:2    | Gained mutation: Armour fits poorly on your large
                  | pseudopods. [Jiyva's grace]
 19564 | Orc:2    | Gained mutation: Armour fits poorly on your massive
                  | pseudopods. [Jiyva's grace]
 19564 | Orc:2    | Gained mutation: You are agile. (Dex +4, Str/Int -1)
                  | [Jiyva's grace]
 19567 | Orc:2    | Bought a scroll of identify for 26 gold pieces
 19567 | Orc:2    | Bought a scroll of identify for 26 gold pieces
 19570 | Orc:2    | Bought a scroll of identify for 30 gold pieces
 19576 | Orc:2    | Learned a level 3 spell: Lesser Beckoning
 19887 | Orc:2    | Bought a scroll of blinking for 97 gold pieces
 20074 | D:14     | Reached skill level 10 in Throwing
 20089 | D:14     | Identified a scroll of acquirement
 20100 | D:14     | Acquired 923 gold pieces
 20169 | D:14     | Found a gate to the Vaults.
 20752 | D:15     | Entered Level 15 of the Dungeon
 20792 | D:15     | Reached skill level 15 in Unarmed Combat
 20871 | D:15     | Noticed Agnes
 20878 | D:15     | Killed Agnes
 21019 | D:15     | Found a staircase to the Depths.
 21812 | Lair:2   | Killed liarliar's ghost
 21914 | Swamp:1  | Entered Level 1 of the Swamp
 22277 | Swamp:1  | Reached XP level 16. HP: 136/163 MP: 15/15
 22441 | Swamp:2  | Reached skill level 16 in Unarmed Combat
 22441 | Swamp:2  | Reached skill level 1 in Translocations
 22471 | Swamp:2  | Lost mutation: Armour fits poorly on your massive
                  | pseudopods. [Jiyva's grace]
 22471 | Swamp:2  | Gained mutation: Your body has grown eyes which may confuse
                  | attackers. (Acc +3) [Jiyva's grace]
 22471 | Swamp:2  | Gained mutation: Your body has grown many eyes which may
                  | confuse attackers. (Acc +5) [Jiyva's grace]
 22471 | Swamp:2  | Gained mutation: Your body is covered in eyes which may
                  | confuse attackers. (Acc +7, SInv) [Jiyva's grace]
 22471 | Swamp:2  | Gained mutation: You possess an exceptional clarity of
                  | mind. [Jiyva's grace]
 22546 | Spider:1 | Entered Level 1 of the Spider Nest
 23517 | Spider:2 | Reached ****** piety under Jiyva
 24027 | Spider:3 | Lost mutation: Your spells are a little harder to cast, but
                  | a little more powerful. [Jiyva's grace]
 24027 | Spider:3 | Lost mutation: Your body is covered in eyes which may
                  | confuse attackers. (Acc +7, SInv) [Jiyva's grace]
 24027 | Spider:3 | Lost mutation: Armour fits poorly on your large pseudopods.
                  | [Jiyva's grace]
 24027 | Spider:3 | Gained mutation: You are covered in slimy tendrils that may
                  | disarm your opponents. [Jiyva's grace]
 24027 | Spider:3 | Gained mutation: You are robust. (+10% HP) [Jiyva's grace]
 24027 | Spider:3 | Gained mutation: You are very robust. (+20% HP) [Jiyva's
                  | grace]
 24027 | Spider:3 | Gained mutation: You are extremely robust. (+30% HP)
                  | [Jiyva's grace]
 24977 | Spider:4 | Entered Level 4 of the Spider Nest
 24978 | Spider:4 | Noticed Roxanne
 24995 | Spider:3 | Reached skill level 17 in Unarmed Combat
 25311 | Spider:4 | Reached XP level 17. HP: 191/219 MP: 16/16
 25547 | Spider:4 | Noticed Arachne
 25583 | Spider:4 | Killed Arachne
 25676 | Spider:4 | Identified the ring "Jagypole" {AC+4 Str+5 Dex+5}
 25961 | Spider:4 | Killed Roxanne
 26511 | Spider:4 | Got a gossamer rune of Zot
 26968 | Swamp:2  | Reached skill level 18 in Unarmed Combat
 26972 | Swamp:2  | Found a runed translucent door.
 26972 | Swamp:2  | Found a shimmering altar of Xom.
 26972 | Swamp:2  | Noticed Kacaoki's ghost (adept MiBe)
 26989 | Swamp:2  | Identified the +3 battleaxe of Midsummer {flame, rC- Str+6
                  | SInv}
 26995 | Swamp:2  | Noticed Jorgrun
 26999 | Swamp:2  | Slimified Jorgrun
 26999 | Swamp:2  | Jorgrun changed into Jorgrun the acid blob
 26999 | Swamp:2  | Noticed Jorgrun
 27146 | Swamp:2  | Noticed Kirke
 27154 | Swamp:2  | Killed Kirke
 27172 | Swamp:2  | Reached skill level 5 in Translocations
 27512 | Swamp:3  | Noticed Aizul
 27517 | Swamp:3  | Killed Aizul
 27761 | Swamp:3  | Lost mutation: You are mostly covered in iridescent scales.
                  | (AC +4) [Jiyva's grace]
 27761 | Swamp:3  | Lost mutation: You are extremely robust. (+30% HP) [Jiyva's
                  | grace]
 27761 | Swamp:3  | Gained mutation: Your translucent skin slightly reduces
                  | your foes' accuracy. (Stealth+) [Jiyva's grace]
 27761 | Swamp:3  | Gained mutation: Your translucent skin reduces your foes'
                  | accuracy. (Stealth+) [Jiyva's grace]
 27761 | Swamp:3  | Gained mutation: Your transparent skin significantly
                  | reduces your foes' accuracy. (Stealth+) [Jiyva's grace]
 27761 | Swamp:3  | Gained mutation: You have a small jelly attached to you
                  | that may absorb projectiles. [Jiyva's grace]
 27894 | Swamp:4  | Entered Level 4 of the Swamp
 27947 | Swamp:4  | Noticed Mlioglotl
 28303 | Swamp:4  | Killed Mlioglotl
 28537 | Swamp:4  | Reached XP level 18. HP: 220/220 MP: 17/17
 29408 | Swamp:4  | Got a decaying rune of Zot
 29821 | Vaults:1 | Entered Level 1 of the Vaults
 30009 | Vaults:1 | Reached skill level 19 in Unarmed Combat
 31465 | Vaults:2 | Lost mutation: Your body has grown many eyes which may
                  | confuse attackers. (Acc +5) [Jiyva's grace]
 31465 | Vaults:2 | Lost mutation: Armour fits poorly on your pseudopods.
                  | [Jiyva's grace]
 31465 | Vaults:2 | Lost mutation: Your transparent skin significantly reduces
                  | your foes' accuracy. (Stealth+) [Jiyva's grace]
 31465 | Vaults:2 | Gained mutation: You have a small jelly attached to you
                  | that senses nearby items. [Jiyva's grace]
 31465 | Vaults:2 | Gained mutation: You are very agile. (Dex +8, Str/Int -2)
                  | [Jiyva's grace]
 31465 | Vaults:2 | Gained mutation: Your rubbery body absorbs attacks. (AC +1,
                  | EV +1) [Jiyva's grace]
 31465 | Vaults:2 | Gained mutation: Your pliable body absorbs attacks. (AC +2,
                  | EV +2) [Jiyva's grace]
 31561 | Vaults:2 | You fall into a shaft and drop 1 floor!
 31655 | Vaults:3 | Noticed Frederick
 31823 | Vaults:3 | Reached XP level 19. HP: 234/234 MP: 18/18
 31916 | Vaults:2 | Identified the +8 short sword of the Tomato {flame,
                  | *Corrode rElec Will+ SInv}
 32112 | Vaults:2 | Identified the ring of Morality {rElec rPois rN+ rCorr}
 32484 | Vaults:2 | HP: 67/228 [vault warden/+3 halberd (15)]
 32484 | Vaults:2 | HP: 29/228 [tengu reaver/+4 great mace of pain (15)]
 32489 | Vaults:2 | HP: 28/228 [poisoned by a tengu reaver (bolt of poison)]
 32496 | Vaults:2 | HP: 38/228 [tengu reaver/bolt of cold (15)]
 32504 | Vaults:2 | Reached skill level 20 in Unarmed Combat
 33013 | Vaults:3 | Lost mutation: You are very agile. (Dex +8, Str/Int -2)
                  | [Jiyva's grace]
 33013 | Vaults:3 | Lost mutation: You possess an exceptional clarity of mind.
                  | [Jiyva's grace]
 33013 | Vaults:3 | Lost mutation: You are very robust. (+20% HP) [Jiyva's
                  | grace]
 33013 | Vaults:3 | Lost mutation: Your body has grown eyes which may confuse
                  | attackers. (Acc +3) [Jiyva's grace]
 33013 | Vaults:3 | Lost mutation: Your pliable body absorbs attacks. (AC +2,
                  | EV +2) [Jiyva's grace]
 33013 | Vaults:3 | Lost mutation: Your translucent skin reduces your foes'
                  | accuracy. (Stealth+) [Jiyva's grace]
 33013 | Vaults:3 | Lost mutation: You have a small jelly attached to you that
                  | may absorb projectiles. [Jiyva's grace]
 33013 | Vaults:3 | Gained mutation: You have acidic saliva. [Jiyva's grace]
 33013 | Vaults:3 | Gained mutation: You have supernaturally acute eyesight.
                  | (SInv) [Jiyva's grace]
 33013 | Vaults:3 | Gained mutation: Your movements are slightly less
                  | encumbered by armour. (ER -2) [Jiyva's grace]
 33013 | Vaults:3 | Gained mutation: Your movements are less encumbered by
                  | armour. (ER -4) [Jiyva's grace]
 33183 | Vaults:3 | Killed Frederick
 33357 | Vaults:3 | Found a staircase to the Crypt.
 33357 | Vaults:3 | Found a basalt altar of Yredelemnul.
 33358 | Vaults:3 | Found an ancient bone altar of Kikubaaqudgha.
 33912 | Vaults:3 | Found Bouklox's Antique Weapon Emporium.
 34064 | Vaults:3 | Learned a level 1 spell: Apportation
 34068 | Vaults:3 | Learned a level 3 spell: Gell's Gravitas
 34583 | Vaults:4 | Reached XP level 20. HP: 140/228 MP: 19/19
 34756 | Vaults:4 | Noticed Zenata
 34835 | Vaults:4 | Noticed Mennas
 34975 | Vaults:4 | Killed Zenata
 35291 | Depths:1 | Entered Level 1 of the Depths
 35458 | Depths:1 | Found a broken altar of Ashenzari.
 35724 | Depths:1 | Lost mutation: You have supernaturally acute eyesight.
                  | (SInv) [Jiyva's grace]
 35724 | Depths:1 | Lost mutation: You are robust. (+10% HP) [Jiyva's grace]
 35724 | Depths:1 | Lost mutation: You are covered in slimy tendrils that may
                  | disarm your opponents. [Jiyva's grace]
 35724 | Depths:1 | Lost mutation: Your movements are less encumbered by
                  | armour. (ER -4) [Jiyva's grace]
 35724 | Depths:1 | Gained mutation: You have a beak for a mouth. [Jiyva's
                  | grace]
 35724 | Depths:1 | Gained mutation: You are partially covered in large bone
                  | plates. (SH +4) [Jiyva's grace]
 35724 | Depths:1 | Gained mutation: You are mostly covered in large bone
                  | plates. (SH +6) [Jiyva's grace]
 35724 | Depths:1 | Gained mutation: You are completely covered in large bone
                  | plates. (SH +8) [Jiyva's grace]
 35890 | Depths:1 | Identified the +4 morningstar "Ziram" {heavy, rN+}
 35961 | Depths:1 | Found a gateway to Hell.
 35970 | Depths:1 | Found Isoi's Jewellery Shop.
 35970 | Depths:1 | Found Abaitep's Book Emporium.
 35971 | Depths:1 | Found Laredoaq's Book Emporium.
 35990 | Depths:1 | Bought an amulet of regeneration for 420 gold pieces
 36310 | Depths:2 | Identified the +1 pair of gloves of Plasticity {Harm *Slow
                  | rC+}
 36310 | Depths:2 | Noticed Nikola
 36319 | Depths:2 | Killed Nikola
 36414 | Depths:2 | Found a sparkling altar of Nemelex Xobeh.
 36537 | Depths:2 | Noticed Grunn
 36537 | Depths:2 | Noticed a doom hound
 36541 | Depths:2 | Noticed a doom hound
 36575 | Depths:2 | Noticed a doom hound
 36577 | Depths:2 | Killed Grunn
 36586 | Depths:2 | Killed a doom hound
 36593 | Depths:2 | Killed a doom hound
 36646 | Depths:2 | Reached skill level 10 in Shields
 36967 | Depths:2 | a doom hound changed into a Hell Sentinel
 37044 | Depths:2 | Reached skill level 15 in Throwing
 37105 | Depths:2 | Found a one-way gateway to a ziggurat.
 37230 | Depths:2 | Reached skill level 15 in Dodging
 37242 | Depths:2 | Found a one-way gate leading to the halls of Pandemonium.
 37312 | Depths:2 | HP: 55/206 [ice dragon/blast of cold (13)]
 37314 | Depths:2 | Reached skill level 15 in Fighting
 37603 | Depths:2 | Identified the ring "Eriqeim" {rF- rN+++ Will- SInv Stlth+}
 37778 | Depths:2 | Paralysed by a sphinx for 4 turns
 38105 | Slime:1  | Entered Level 1 of the Pits of Slime
 38133 | Slime:5  | Entered Level 5 of the Pits of Slime
 38154 | Slime:5  | Found a viscous altar of Jiyva.
 38160 | Slime:5  | Noticed the Royal Jelly
 38165 | Slime:5  | Identified the +2 mace of the Maze {pain, rF+ rC+ Stlth+}
 38167 | Slime:5  | Identified the +8 mace of Fear {freeze, Int+3}
 38175 | Slime:5  | Identified the +8 great sword of Reason {heavy, Int+5}
 38176 | Slime:5  | Identified the +9 war axe "Xucs" {flame, Stlth+}
 38183 | Slime:5  | Identified the +8 long sword "Ywaufrah" {flame, rPois Str+2
                  | Dex+2}
 38186 | Slime:5  | Got a slimy rune of Zot
 39156 | Depths:3 | Gained mutation: Your system is resistant to poisons.
                  | (rPois) [Jiyva's grace]
 39156 | Depths:3 | Gained mutation: Your muscles are strong. (Str +4, Int/Dex
                  | -1) [Jiyva's grace]
 39156 | Depths:3 | Gained mutation: Your muscles are very strong. (Str +8,
                  | Int/Dex -2) [Jiyva's grace]
 39156 | Depths:3 | Gained mutation: You have a small jelly attached to you
                  | that may absorb projectiles. [Jiyva's grace]
 39233 | Depths:3 | Found a one-way gate to the infinite horrors of the Abyss.
 39384 | Depths:3 | Reached XP level 21. HP: 218/218 MP: 20/20
 39634 | Depths:3 | Noticed a golden dragon
 39635 | Depths:3 | Paralysed by a sphinx for 2 turns
 39649 | Depths:3 | Killed a golden dragon
 39654 | Depths:3 | Reached skill level 21 in Unarmed Combat
 40357 | Depths:4 | Entered Level 4 of the Depths
 40479 | Depths:4 | Found a gate to the Realm of Zot.
 40479 | Depths:4 | Noticed a golden dragon
 40492 | Depths:4 | Killed a golden dragon
 40737 | Depths:4 | Found a magical portal.
 40750 | WizLab   | Entered Tukima's Studio
 40902 | WizLab   | Noticed Twinkles's illusion
 41111 | WizLab   | Noticed Twinkles's illusion
 41119 | WizLab   | Got Douxow's Catalogue of Obstruction
 41300 | Depths:4 | Lost mutation: Your muscles are very strong. (Str +8,
                  | Int/Dex -2) [Jiyva's grace]
 41300 | Depths:4 | Lost mutation: Your muscles are strong. (Str +4, Int/Dex
                  | -1) [Jiyva's grace]
 41300 | Depths:4 | Lost mutation: Your rubbery body absorbs attacks. (AC +1,
                  | EV +1) [Jiyva's grace]
 41300 | Depths:4 | Lost mutation: You have a small jelly attached to you that
                  | senses nearby items. [Jiyva's grace]
 41300 | Depths:4 | Lost mutation: Your movements are slightly less encumbered
                  | by armour. (ER -2) [Jiyva's grace]
 41300 | Depths:4 | Gained mutation: You have large cloven feet. [Jiyva's
                  | grace]
 41300 | Depths:4 | Gained mutation: You have hoof-like feet. [Jiyva's grace]
 41300 | Depths:4 | Gained mutation: You have hooves in place of feet. [Jiyva's
                  | grace]
 41300 | Depths:4 | Gained mutation: Your rubbery body absorbs attacks. (AC +1,
                  | EV +1) [Jiyva's grace]
 41479 | Depths:4 | Identified the +7 spear of Ynwu {heavy, rC++ Str-2 Int+2}
 42069 | Orc:2    | Bought a scroll of enchant armour for 97 gold pieces
 42069 | Orc:2    | Bought a scroll of teleportation for 39 gold pieces
 42258 | D:13     | Killed Coanextu's ghost
 42260 | D:13     | Got the Spellbook of Ensorcelling and Locality
 42376 | Elf:1    | Entered Level 1 of the Elven Halls
 42445 | Elf:1    | Reached XP level 22. HP: 228/231 MP: 21/21
 42481 | Elf:1    | Noticed Taurus's ghost (journeyman MiFi)
 42499 | Elf:1    | Found a runed translucent door.
 42516 | Elf:1    | Paralysed by an air elemental for 1 turns
 42639 | Elf:1    | Found a runed translucent gate.
 42639 | Elf:1    | Found a runed translucent gate.
 42639 | Elf:1    | Found a runed translucent gate.
 42878 | Elf:1    | Found Faitt's Weapon Boutique.
 42882 | Elf:1    | Found Agat's Book Shop.
 42882 | Elf:1    | Found Zut Qusitz's Distillery.
 42887 | Elf:1    | Found Esiejat's Antique Armour Shop.
 42914 | Elf:1    | Bought a potion of heal wounds for 85 gold pieces
 42914 | Elf:1    | Bought a potion of mutation for 136 gold pieces
 42914 | Elf:1    | Bought a potion of attraction for 51 gold pieces
 42914 | Elf:1    | Bought a potion of curing for 51 gold pieces
 42969 | Elf:1    | Lost mutation: You have hooves in place of feet. [Jiyva's
                  | grace]
 42969 | Elf:1    | Lost mutation: You have acidic saliva. [Jiyva's grace]
 42969 | Elf:1    | Lost mutation: Your rubbery body absorbs attacks. (AC +1,
                  | EV +1) [Jiyva's grace]
 42969 | Elf:1    | Gained mutation: You are robust. (+10% HP) [Jiyva's grace]
 42969 | Elf:1    | Gained mutation: You are very robust. (+20% HP) [Jiyva's
                  | grace]
 42969 | Elf:1    | Gained mutation: You are extremely robust. (+30% HP)
                  | [Jiyva's grace]
 42969 | Elf:1    | Gained mutation: You are mostly covered in iridescent
                  | scales. (AC +4) [Jiyva's grace]
 43229 | Elf:1    | Killed Taurus's ghost
 43377 | Elf:2    | Found a runed translucent gate.
 43377 | Elf:2    | Found a runed translucent gate.
 43377 | Elf:2    | Found a runed translucent gate.
 43574 | Elf:2    | Found Bymeopal's Weapon Shop.
 43726 | Elf:2    | Found a transporter.
 43749 | Elf:2    | Noticed Hynwimna's ghost (veteran MiGl)
 43900 | Elf:2    | Found a transporter.
 44022 | Elf:2    | Paralysed by an air elemental for 1 turns
 44157 | Elf:2    | Reached skill level 10 in Armour
 44504 | Elf:3    | Entered Level 3 of the Elven Halls
 44543 | Elf:3    | Paralysed by an air elemental for 1 turns
 44548 | Elf:3    | Reached skill level 22 in Unarmed Combat
 44866 | Elf:3    | Lost mutation: You are completely covered in large bone
                  | plates. (SH +8) [Jiyva's grace]
 44866 | Elf:3    | Lost mutation: You are mostly covered in large bone plates.
                  | (SH +6) [Jiyva's grace]
 44866 | Elf:3    | Lost mutation: You are agile. (Dex +4, Str/Int -1) [Jiyva's
                  | grace]
 44866 | Elf:3    | Gained mutation: Armour fits poorly on your pseudopods.
                  | [Jiyva's grace]
 44866 | Elf:3    | Gained mutation: Armour fits poorly on your large
                  | pseudopods. [Jiyva's grace]
 44866 | Elf:3    | Gained mutation: Armour fits poorly on your massive
                  | pseudopods. [Jiyva's grace]
 44866 | Elf:3    | Gained mutation: You are completely covered in iridescent
                  | scales. (AC +6) [Jiyva's grace]
 44879 | Elf:3    | Identified the amulet "Wanta" {Faith Dex+4}
 44981 | Elf:3    | Identified the ring "Suusoj" {rF+ rC+ MP+9 AC+4}
 45288 | Elf:3    | Identified the ring of Autumn {rC+ MP+9 Str+3 SInv}
 45384 | Elf:3    | Identified the +3 leather armour of the Snail {rC+ Regen+}
 45440 | Elf:3    | Identified the +4 scale mail of the Bagpipe {Dex+4}
 45446 | Elf:3    | Identified the +10 quarterstaff "Qujesm" {speed, *Rage
                  | Dex+3 SInv}
 45499 | Elf:3    | Found the +3 pair of mountain boots {steadfast, rC+}
 45502 | Elf:3    | Got the Omnibus of the Geodesic
 45503 | Elf:3    | Identified the +7 sling "Haral" {drain, rCorr Int+5 Dex-3}
 45531 | Elf:3    | Got the Discourse on Allies and Modification
 45755 | Elf:1    | Bought a runed cloak for 225 gold pieces
 45857 | Orc:1    | Bought an embroidered cloak for 225 gold pieces
 46173 | Crypt:1  | Entered Level 1 of the Crypt
 46253 | Crypt:1  | Reached XP level 23. HP: 313/313 MP: 22/22
 47079 | Crypt:2  | Lost mutation: You are completely covered in iridescent
                  | scales. (AC +6) [Jiyva's grace]
 47079 | Crypt:2  | Lost mutation: You are mostly covered in iridescent scales.
                  | (AC +4) [Jiyva's grace]
 47079 | Crypt:2  | Lost mutation: You are partially covered in large bone
                  | plates. (SH +4) [Jiyva's grace]
 47079 | Crypt:2  | Lost mutation: Armour fits poorly on your massive
                  | pseudopods. [Jiyva's grace]
 47079 | Crypt:2  | Gained mutation: Your flesh is cold resistant. (rC+)
                  | [Jiyva's grace]
 47079 | Crypt:2  | Gained mutation: Your flesh is very cold resistant. (rC++)
                  | [Jiyva's grace]
 47079 | Crypt:2  | Gained mutation: Your flesh is almost immune to the effects
                  | of cold. (rC+++) [Jiyva's grace]
 47079 | Crypt:2  | Gained mutation: You are mostly covered in iridescent
                  | scales. (AC +4) [Jiyva's grace]
 47164 | Crypt:2  | Found a huge runed gate.
 47166 | Crypt:2  | Found a huge runed gate.
 47167 | Crypt:2  | Found a huge runed gate.
 47168 | Crypt:2  | Found a huge runed gate.
 47169 | Crypt:2  | Found a huge runed gate.
 47205 | Crypt:2  | Found a huge runed gate.
 47234 | Crypt:2  | Found a huge runed gate.
 47235 | Crypt:2  | Found a huge runed gate.
 47237 | Crypt:2  | Found a huge runed gate.
 47240 | Crypt:2  | Found a huge runed gate.
 47241 | Crypt:2  | Found a huge runed gate.
 47242 | Crypt:2  | Found a huge runed gate.
 47243 | Crypt:2  | Found a huge runed gate.
 47248 | Crypt:2  | Found a huge runed gate.
 47256 | Crypt:2  | Found a huge runed gate.
 47256 | Crypt:2  | Found a huge runed gate.
 47256 | Crypt:2  | Found a huge runed gate.
 47256 | Crypt:2  | Found a huge runed gate.
 47256 | Crypt:2  | Found a huge runed gate.
 47303 | Crypt:2  | Found a huge runed gate.
 47303 | Crypt:2  | Found a huge runed gate.
 47304 | Crypt:2  | Found a huge runed gate.
 47305 | Crypt:2  | Found a huge runed gate.
 47305 | Crypt:2  | Found a huge runed gate.
 47306 | Crypt:2  | Found a huge runed gate.
 47306 | Crypt:2  | Found a huge runed gate.
 47307 | Crypt:2  | Found a huge runed gate.
 47308 | Crypt:2  | Found a huge runed gate.
 47354 | Crypt:2  | Found a huge runed gate.
 47354 | Crypt:2  | Found a huge runed gate.
 47355 | Crypt:2  | Found a huge runed gate.
 47541 | Crypt:2  | Found a huge runed gate.
 47541 | Crypt:2  | Found a huge runed gate.
 47541 | Crypt:2  | Found a huge runed gate.
 47551 | Crypt:2  | Found a huge runed gate.
 47551 | Crypt:2  | Found a huge runed gate.
 47725 | Crypt:2  | Noticed Luix's ghost (veteran MiGl)
 47725 | Crypt:2  | Noticed Dugafar's ghost (adept GrFi)
 47725 | Crypt:2  | Noticed Onexaaje's ghost (adept GrFi)
 47725 | Crypt:2  | Noticed Uroast's ghost (veteran MiGl)
 47725 | Crypt:2  | Noticed Zievuyg's ghost (adept MiFi)
 47815 | Crypt:1  | Killed Onexaaje's ghost
 47960 | Crypt:2  | Noticed Olih Byd's ghost (adept GrFi)
 48082 | Crypt:2  | Killed Dugafar's ghost
 48397 | Crypt:1  | Killed Luix's ghost
 48489 | Crypt:1  | Killed Olih Byd's ghost
 48567 | Crypt:2  | Killed Uroast's ghost
 48694 | Crypt:2  | Killed Zievuyg's ghost
 48864 | Crypt:3  | Entered Level 3 of the Crypt
 49692 | Crypt:3  | Found an ancient bone altar of Kikubaaqudgha.
 49721 | Crypt:3  | Noticed a dread lich
 49742 | Crypt:3  | Killed a dread lich
 49745 | Crypt:3  | Identified the +7 broad axe of the Distant Future {spect,
                  | Str+3 Int+3 Dex+3}
 49786 | Crypt:3  | Got Sif Muna's Treatise on Brilliant Shapeshifting
 49881 | Crypt:3  | Identified the ring of Dephoid {rPois rN+ Str+4 Slay+2}
 49881 | Crypt:3  | Identified the ring "Eqeuxt" {rElec rN+ Int+2}
 50109 | Crypt:3  | Reached XP level 24. HP: 328/328 MP: 22/22
 50261 | Crypt:3  | Found a staircase to the Tomb.
 50762 | Elf:2    | Killed Hynwimna's ghost
 50772 | Elf:2    | Identified the +1 helmet "Ampoid" {Dex+7}
 51247 | Swamp:2  | Killed Kacaoki's ghost
 51482 | Orc:2    | Bought 2 potions of heal wounds for 150 gold pieces
 51698 | Zot:1    | Entered Level 1 of the Realm of Zot
 51739 | Zot:1    | Noticed an orb of fire
 51753 | Zot:1    | Gained mutation: You occasionally shout uncontrollably at
                  | your foes. [an orb of fire]
 51762 | Depths:4 | Gained mutation: You have hidden genetic defects. [an orb
                  | of fire]
 51766 | Depths:4 | Killed an orb of fire
 51767 | Depths:4 | Reached skill level 23 in Unarmed Combat
 51936 | Zot:1    | Lost mutation: You are mostly covered in iridescent scales.
                  | (AC +4) [Jiyva's grace]
 51936 | Zot:1    | Lost mutation: Your flesh is almost immune to the effects
                  | of cold. (rC+++) [Jiyva's grace]
 51936 | Zot:1    | Lost mutation: Your system is resistant to poisons. (rPois)
                  | [Jiyva's grace]
 51936 | Zot:1    | Lost mutation: You are extremely robust. (+30% HP) [Jiyva's
                  | grace]
 51936 | Zot:1    | Lost mutation: You are very robust. (+20% HP) [Jiyva's
                  | grace]
 51936 | Zot:1    | Lost mutation: You occasionally shout uncontrollably at
                  | your foes. [Jiyva's grace]
 51936 | Zot:1    | Lost mutation: You have a small jelly attached to you that
                  | may absorb projectiles. [Jiyva's grace]
 51936 | Zot:1    | Lost mutation: You have hidden genetic defects. [Jiyva's
                  | grace]
 51936 | Zot:1    | Gained mutation: Your body has grown eyes which may confuse
                  | attackers. (Acc +3) [Jiyva's grace]
 51936 | Zot:1    | Gained mutation: Your body has grown many eyes which may
                  | confuse attackers. (Acc +5) [Jiyva's grace]
 51936 | Zot:1    | Gained mutation: Your body is covered in eyes which may
                  | confuse attackers. (Acc +7, SInv) [Jiyva's grace]
 51936 | Zot:1    | Gained mutation: Your spells are a little harder to cast,
                  | but a little more powerful. [Jiyva's grace]
 52256 | Zot:1    | Noticed an orb of fire
 52268 | Zot:1    | Killed an orb of fire
 52648 | Zot:1    | Noticed Vv
 52658 | Zot:1    | Killed Vv
 52910 | Zot:1    | HP: 70/281 [black draconian knight/shard of ice[a yellow
                  | draconian annihilator] (26)]
 54192 | Zot:3    | Identified the +10 broad axe "Dragon's Curse" {freeze,
                  | Fragile rC+ Str+4}
 54231 | Zot:3    | Noticed a Killer Klown
 54238 | Zot:3    | Killed a Killer Klown
 54245 | Zot:3    | Lost mutation: You have hoof-like feet. [Jiyva's grace]
 54245 | Zot:3    | Lost mutation: Your flesh is very cold resistant. (rC++)
                  | [Jiyva's grace]
 54245 | Zot:3    | Lost mutation: You are robust. (+10% HP) [Jiyva's grace]
 54245 | Zot:3    | Lost mutation: Your body is covered in eyes which may
                  | confuse attackers. (Acc +7, SInv) [Jiyva's grace]
 54245 | Zot:3    | Lost mutation: Armour fits poorly on your large pseudopods.
                  | [Jiyva's grace]
 54245 | Zot:3    | Gained mutation: Your mind is acute. (Int +4, Str/Dex -1)
                  | [Jiyva's grace]
 54245 | Zot:3    | Gained mutation: Your mind is very acute. (Int +8, Str/Dex
                  | -2) [Jiyva's grace]
 54245 | Zot:3    | Gained mutation: You have hidden genetic potential.
                  | [Jiyva's grace]
 54245 | Zot:3    | Gained mutation: You have great hidden genetic potential.
                  | [Jiyva's grace]
 54280 | Zot:3    | Reached XP level 25. HP: 233/265 MP: 22/22
 54799 | Zot:4    | HP: 72/265 [??? (69)]
 54913 | Zot:4    | Found the +7 Throatcutter {drain, coup de grace}
 55749 | Zot:5    | Entered Level 5 of the Realm of Zot
 56410 | Zot:5    | Noticed an orb of fire
 56422 | Zot:5    | Killed an orb of fire
 56424 | Zot:5    | Noticed a Killer Klown
 56498 | Zot:5    | Killed a Killer Klown
 56536 | Zot:5    | Noticed an orb of fire
 56536 | Zot:5    | Noticed a Killer Klown
 56562 | Zot:5    | Killed an orb of fire
 56563 | Zot:5    | Reached skill level 24 in Unarmed Combat
 56626 | Zot:5    | Killed a Killer Klown
 57334 | D:3      | Noticed Natasha
 57336 | D:3      | Killed Natasha
 57701 | Zot:5    | Noticed a Killer Klown
 57723 | Zot:5    | Killed a Killer Klown
 57733 | Zot:5    | Noticed a Killer Klown
 57746 | Zot:5    | Killed a Killer Klown
 57870 | Zot:5    | Noticed a dread lich
 57885 | Zot:5    | Killed a dread lich
 57932 | Zot:5    | Noticed a dread lich
 57944 | Zot:5    | Killed a dread lich
 58100 | Zot:5    | Noticed a dread lich
 58118 | Zot:5    | Killed a dread lich
 58648 | Zot:5    | Noticed an orb of fire
 58653 | Zot:5    | Gained mutation: Potions are less effective at restoring
                  | your health. [an orb of fire]
 58659 | Zot:5    | Gained mutation: You are clumsy. (Dex -2) [an orb of fire]
 58663 | Zot:5    | Killed an orb of fire
 58903 | Zot:5    | Noticed a dread lich
 58903 | Zot:5    | Noticed a Killer Klown
 58924 | Zot:5    | Killed a dread lich
 58931 | Zot:5    | Killed a Killer Klown
 58952 | Zot:5    | Lost mutation: You are clumsy. (Dex -2) [hidden potential]
 59192 | Zot:5    | Noticed a Killer Klown
 59205 | Zot:5    | Killed a Killer Klown
 59454 | Zot:5    | Reached XP level 26. HP: 276/276 MP: 22/22
 59831 | Elf:1    | Bought an Inescapable Atlas for 608 gold pieces
 59834 | Elf:1    | Learned a level 2 spell: Blink
 59839 | Elf:1    | Learned a level 4 spell: Manifold Assault
 60464 | Zot:5    | Lost mutation: Your mind is very acute. (Int +8, Str/Dex
                  | -2) [Jiyva's grace]
 60464 | Zot:5    | Lost mutation: Your flesh is cold resistant. (rC+) [Jiyva's
                  | grace]
 60464 | Zot:5    | Lost mutation: Your spells are a little harder to cast, but
                  | a little more powerful. [Jiyva's grace]
 60464 | Zot:5    | Lost mutation: Your body has grown many eyes which may
                  | confuse attackers. (Acc +5) [Jiyva's grace]
 60464 | Zot:5    | Lost mutation: Your translucent skin slightly reduces your
                  | foes' accuracy. (Stealth+) [Jiyva's grace]
 60464 | Zot:5    | Lost mutation: Potions are less effective at restoring your
                  | health. [Jiyva's grace]
 60464 | Zot:5    | Gained mutation: Armour fits poorly on your large
                  | pseudopods. [Jiyva's grace]
 60464 | Zot:5    | Gained mutation: Armour fits poorly on your massive
                  | pseudopods. [Jiyva's grace]
 60464 | Zot:5    | Gained mutation: Your system is resistant to poisons.
                  | (rPois) [Jiyva's grace]
 60464 | Zot:5    | Gained mutation: Your rubbery body absorbs attacks. (AC +1,
                  | EV +1) [Jiyva's grace]
 61085 | Zot:5    | Got the Orb of Zot
 61412 | D:11     | Noticed Qinuch the pandemonium lord
 61623 | D:1      | Lost mutation: You are partially covered in iridescent
                  | scales. (AC +2) [potion of mutation]
 61623 | D:1      | Lost mutation: Your body has grown eyes which may confuse
                  | attackers. (Acc +3) [potion of mutation]
 61624 | D:1      | Lost mutation: You have large cloven feet. [potion of
                  | mutation]
 61624 | D:1      | Lost mutation: Your rubbery body absorbs attacks. (AC +1,
                  | EV +1) [potion of mutation]
 61624 | D:1      | Lost mutation: Your system is resistant to poisons. (rPois)
                  | [potion of mutation]
 61625 | D:1      | Lost mutation: Your mind is acute. (Int +4, Str/Dex -1)
                  | [potion of mutation]
 61625 | D:1      | Lost mutation: You have great hidden genetic potential.
                  | [potion of mutation]
 61625 | D:1      | Gained mutation: Armour fits poorly on your strangely
                  | shaped body. [potion of mutation]
 61625 | D:1      | Lost mutation: You have hidden genetic potential. [potion
                  | of mutation]
 61625 | D:1      | Gained mutation: You are agile. (Dex +4, Str/Int -1)
                  | [potion of mutation]
 61626 | D:1      | Lost mutation: You have a beak for a mouth. [potion of
                  | mutation]
 61626 | D:1      | Lost mutation: Armour fits poorly on your massive
                  | pseudopods. [potion of mutation]
 61626 | D:1      | Lost mutation: Armour fits poorly on your strangely shaped
                  | body. [potion of mutation]
 61626 | D:1      | Gained mutation: You are partially covered in iridescent
                  | scales. (AC +2) [potion of mutation]
 61627 | D:1      | Lost mutation: You are partially covered in iridescent
                  | scales. (AC +2) [potion of mutation]
 61627 | D:1      | Lost mutation: You are agile. (Dex +4, Str/Int -1) [potion
                  | of mutation]
 61627 | D:1      | Gained mutation: You have a pair of small antennae on your
                  | head. [potion of mutation]
 61627 | D:1      | Gained mutation: Your skin changes colour to match your
                  | surroundings (Stealth+). [potion of mutation]
 61628 | D:1      | Lost mutation: You have a pair of small antennae on your
                  | head. [potion of mutation]
 61628 | D:1      | Lost mutation: Armour fits poorly on your large pseudopods.
                  | [potion of mutation]
 61628 | D:1      | Lost mutation: Your skin changes colour to match your
                  | surroundings (Stealth+). [potion of mutation]
 61628 | D:1      | Gained mutation: You have sharp toenails. [potion of
                  | mutation]
 61628 | D:1      | Gained mutation: You are robust. (+10% HP) [potion of
                  | mutation]
 61629 | D:1      | Lost mutation: Armour fits poorly on your pseudopods.
                  | [potion of mutation]
 61629 | D:1      | Lost mutation: You are robust. (+10% HP) [potion of
                  | mutation]
 61629 | D:1      | Lost mutation: You have sharp toenails. [potion of
                  | mutation]
 61629 | D:1      | Gained mutation: You are agile. (Dex +4, Str/Int -1)
                  | [potion of mutation]
 61629 | D:1      | Lost mutation: You are agile. (Dex +4, Str/Int -1) [potion
                  | of mutation]
 61631 | D:$      | Escaped with the Orb!

Illustrated notes

Levels and vault maps discovered:
D:1:      eino_arrival_water_star, layout_basic
D:2:      layout_basic, basic_altar, minmay_circle_x
D:3:      layout_loops_ring, lemuel_blue_sif_altar,
          gammafunk_temple_overflow_wave, uniq_natasha
D:4:      layout_basic
D:5:      layout_layer_cave, grunt_temple_overflow_order_and_chaos_2,
          serial_shops, shop
D:6:      layout_loops_ring, mainiacjoe_overflow_six_doors_small,
          minmay_fractal_squares_gapless_5, uniq_sigmund, uniq_grinder
D:7:      layout_cave_pools, minmay_temple_entry_antechambers, minmay_microvault
D:8:      minmay_evil_eye, layout_basic, uniq_amaemon, uniq_psyche, uniq_maurice
D:9:      layout_gridville, nicolae_tso_carved_into_rock
D:10:     layout_roguey, mainiacjoe_overflow_chevrons, serial_glass,
          glass_columns_a, glass_columns_a, glass_columns_a, glass_columns_a,
          minmay_strange_pillars, feat_on_display, item_on_display_a
D:11:     layout_stronghold, dpeg_lair_monsters, serial_shops,
          nicolae_stop_n_shop_1, serial_column_ruins, column_ruins_hut,
          column_ruins_hut_water, column_ruins_grid_3, column_ruins_grid_3,
          column_ruins_columns_straight, uniq_josephine
D:12:     layout_gridville, erik_orc_2, gauntlet_entry_generic,
          hangedman_incinerator
D:13:     layout_cross, ebering_ghost_inner_flame, nicolae_hexahallways,
          doesnt_xom_only_xom
D:14:     lemuel_ogre_cave, layout_small_grid, david_vaults_4,
          serial_bayou_pond_a
D:15:     gammafunk_depths_entry_grave, layout_loops_cross, special_room
          [special_room_orc], hangedman_abyss_or_decor_stagger, uniq_agnes
Temple:   nicolae_temple_bog_church
Lair:1:   layout_layer_cave, pdpol_lair_neglected_garden,
          nicolae_lair_grove_arrangements, grunt_megastairs_3,
          infiniplex_staircase_pool_2
Lair:2:   layout_big_grid, nicolae_spider_entry_orb_guardian,
          ebering_ghost_rock_garden
Lair:3:   layout_roguey [special_room_bee], palyth_hydra_swamp_entry,
          lemuel_fruit_tree
Lair:4:   layout_gridlike, portal_ice_cave_rime, grunt_megastairs_4, uniq_sonja
Lair:5:   gammafunk_lair_ancient_temple, layout_loops_ring,
          nicolae_slime_entry_slimehenge
Swamp:1:  layout_falls_marsh, evilmike_swamp_ruin_house_2
Swamp:2:  layout_falls_marsh, ebering_ghost_xom, serial_swamp_ruin,
          hangedman_swamp_ruin_hall, evilmike_swamp_ruin_house_6,
          hangedman_swamp_ruin_wall, uniq_kirke, uniq_jorgrun
Swamp:3:  layout_basic_swamp, evilmike_swamp_ruin_rubble_2, swamp_pool5,
          uniq_aizul
Swamp:4:  swamp_vile, layout_basic_swamp, swamp_pool1,
          infiniplex_staircase_pool, uniq_mlioglotl
Spider:1: layout_spider_delve
Spider:2: layout_cave_pods
Spider:3: layout_spider_delve, nicolae_spider_bug_shape,
          nicolae_spider_cling_halls
Spider:4: grunt_spider_rune_circles, nicolae_spider_eight_legs, uniq_roxanne,
          uniq_arachne
Slime:1:  layout_caves
Slime:2:  layout_caves
Slime:3:  layout_caves, special_room [special_room_jelly],
          cheibrodos_slime_lost_civilization_7
Slime:4:  cheibrodos_slime_lost_civilization_1, layout_caves
Slime:5
Orc:1:    layout_caves, serial_shops, shop, uniq_urug
Orc:2:    st_orc_mages, layout_caves, mines2_david, uniq_donald, uniq_rupert
Elf:1:    eino_elf_arrival_sip, layout_gridlike, hellmonk_ghost_happy_afterlife,
          hangedman_elf_disciples, nicolae_elf_hall_of_bonks, minmay_shoptagon
Elf:2:    nicolae_elf_blades_splatter_lattice [nicolae_blade_bullseye],
          layout_onion_city, serial_shops, nicolae_shop_statue_plus,
          gammafunk_ghost_berserking_beasts, minivault_26,
          minmay_misc_feat_ornament
Elf:3:    minmay_elf_hall_not_hex, layout_onion_city
Vaults:1: vaults_room_door_hall, v_misc_17, vaults_room_fours,
          nicolae_vaults_octagons, ontoclasm_vaults_bender,
          ontoclasm_vaults_ring_small, hangedman_vaults_slice, v_pattern_3,
          nicolae_vaults_triangles, vaults_dpeg_emergency_exit, v_misc_14,
          vaults_dpeg_ring, v_misc_16, ontoclasm_vaults_pinch,
          nicolae_vaults_shelves_hall, nicolae_vaults_network_square,
          nicolae_vaults_asterisk, layout_vaults_omnibox
Vaults:2: portal_desolation_entry_nicolae_slug,
          dpeg_vaults_pockets_of_resistance, v_misc_18,
          nicolae_vaults_big_angled_halls, hangedman_vaults_slice,
          nicolae_vaults_circle_grid_b, v_misc_25, grunt_vaults_hallway_short,
          vaults_room_fours, v_misc_3, v_misc_8, layout_vaults_quadrants
Vaults:3: hangedman_vaults_trim, nicolae_vaults_little_squares_6,
          ontoclasm_vaults_twist, ontoclasm_vaults_decontamination,
          nicolae_vaults_statue_guard, nicolae_vaults_little_squares_1,
          minmay_crypt_entry_necro_gods, v_misc_23, v_rooms_4,
          nicolae_vaults_shelves_hall, ontoclasm_vaults_loading_screen,
          vaults_mumra_lcd, vaults_room_fours, hangedman_vaults_impose,
          layout_vaults_omnicross, serial_shops, nicolae_square_shop,
          uniq_frederick
Vaults:4: ontoclasm_vaults_ligature, vaults_room_stairs_pillars, v_misc_24,
          hangedman_vaults_stretched_pinwheel,
          nicolae_vaults_windows_and_doors_thing,
          nicolae_vaults_little_squares_3, v_misc_12, st_hourglassy,
          vaults_room_grid, grunt_vaults_hallway_long,
          hangedman_vaults_restitches, v_misc_15, layout_vaults_ring,
          uniq_zenata, uniq_mennas
Crypt:1:  layout_regular_city
Crypt:2:  layout_chaotic_city, gammafunk_ghost_door_vault
Crypt:3:  church_of_pain_bobbens, layout_chaotic_city,
          nicolae_tomb_entry_unfolded_pyramid_diagonal
Depths:1: layout_roguey, hell_entry, nicolae_ashenzari_panopticon,
          hellmonk_scarab_ruin, serial_bayou_shore_b, minmay_shop_grove
Depths:2: lemuel_traditional_vault, layout_long_grid, enter_ziggurat_b,
          serial_sigils, serial_sigils_hangedman_shear,
          serial_sigils_hangedman_stare, serial_sigils_hangedman_writhe,
          serial_sigils_hangedman_shear, pan_entry, pf_hell_entry_tar_spiral,
          nemelex_diamond_rough_becter, uniq_grunn, uniq_nikola
Depths:3: minmay_containers, layout_basic, minmay_staircase_windowed_large,
          hangedman_abyss_entry_splay, grunt_hell_horde, grunt_ministairs_8
Depths:4: grunt_twist_and_shout, layout_gridville, abyss_entry,
          mu_enter_wizlab_3, grunt_hell_entry_dis_grunt
Zot:1:    layout_twisted_circle, grunt_megastairs_5, uniq_vv
Zot:2:    layout_onion_interference
Zot:3:    layout_gridlike
Zot:4:    layout_gridlike, grunt_megastairs_1
Zot:5:    layout_basic

Skill      XL: |  1  2  3  4  5  6  7  8  9 10 11 12 13 14 15 16 17 18 19 20 21 22 23 24 25 26 |
---------------+-------------------------------------------------------------------------------+-----
Throwing       | 2 3 4 6 8 9 10 11 12 13 14 15 16 17 18 | 18.9
Fighting       | 2 3 4 5 6 7 8 9 10 11 12 13 14 15 16 17 18 19 | 19.1
Dodging        | 3 4 5 6 7 8 9 10 11 12 13 14 15 16 17 18 | 18.3
Unarmed Combat | 4 5 6 7 9 10 11 12 13 14 15 17 18 19 20 21 22 23 24 | 24.5
Shields        | 1 2 3 5 6 7 8 9 10 11 | 11.9
Armour         | 2 4 5 7 9 10 11 12 14 | 14.3
Translocations | 3 5 6 7 |  7.0

Action                   |  1- 3 |  4- 6 |  7- 9 | 10-12 | 13-15 | 16-18 | 19-21 | 22-24 | 25-27 || total
-------------------------+-------+-------+-------+-------+-------+-------+-------+-------+-------++-------
Melee: Unarmed           |    70 |   106 |   159 |   623 |  1310 |  1329 |  1507 |  1791 |   583 ||  7478
       Punch             |       |     1 |       |       |       |       |       |       |       ||     1
       Pseudopods        |       |       |       |       |    93 |   354 |       |   387 |   172 ||  1006
       Bite              |       |       |       |       |       |       |   228 |     6 |       ||   234
       Peck              |       |       |       |       |       |       |   237 |   446 |   171 ||   854
       Kick              |       |       |       |       |       |       |    32 |   692 |   274 ||   998
Throw: Dart              |       |       |    10 |     4 |    11 |    15 |       |       |       ||    40
       Large rock        |       |       |     2 |     7 |    17 |    40 |    19 |    27 |     6 ||   118
       Boomerang         |       |       |     8 |     7 |     5 |       |       |       |       ||    20
       Javelin           |       |       |     2 |     9 |    18 |     2 |     7 |     2 |       ||    40
 Cast: Lesser Beckoning  |       |       |       |       |       |    10 |       |       |       ||    10
       Blink             |       |       |       |       |       |       |       |       |     1 ||     1
Invok: Oozemancy         |       |       |       |       |     2 |     1 |     4 |     1 |       ||     8
       Slimify           |       |       |       |       |       |     2 |       |     1 |       ||     3
Evoke: Wand              |       |       |       |     5 |       |     1 |     2 |       |     2 ||    10
  Use: Scroll            |       |       |     3 |    12 |    16 |     6 |    17 |     9 |     4 ||    67
       Potion            |       |       |       |     2 |     4 |       |     3 |       |    11 ||    20
 Stab: Sleeping          |     1 |       |       |       |     1 |     1 |       |       |       ||     3
       Invisible         |       |       |       |     2 |       |       |       |       |       ||     2
       Confused          |       |       |       |       |       |    51 |     1 |    14 |     2 ||    68
       Distracted        |       |       |       |       |       |     3 |     1 |       |       ||     4
Armor: Robe              |    21 |    24 |    22 |       |       |       |       |       |       ||    67
       Acid dragon scale |       |       |       |    25 |       |       |       |       |       ||    25
       Troll leather arm |       |       |       |   106 |   279 |   329 |   253 |       |       ||   967
       Gold dragon scale |       |       |       |       |       |       |   118 |   736 |   266 ||  1120
       Skin              |       |       |       |       |       |       |       |       |    11 ||    11
Dodge: Dodged            |    48 |    42 |    38 |   310 |   547 |   770 |   646 |   378 |   135 ||  2914
Block: Kite shield       |       |    13 |    49 |   271 |   871 |  1039 |  1043 |   808 |   171 ||  4265
       Reflection        |       |       |       |       |    24 |    14 |    22 |       |       ||    60

Table legend: (Time is in decaauts)
 A = Elapsed time spent in this place.
 B = Non-inter-level travel time spent in this place.
 C = Inter-level travel time spent in this place.
 D = Time resting spent in this place.
 E = Time spent auto-exploring this place.
 F = Levels seen in this place.
 G = Mean time per level.
                   A        B        C        D        E       F      G
               +--------+--------+--------+--------+--------+-----+--------+
         Total |  60191 |  49070 |  11121 |   4740 |  28255 |  58 | 1037.8 |
       Dungeon |  16464 |  12832 |   3632 |    763 |   8670 |  15 | 1097.6 |
        Temple |    196 |    166 |     30 |      0 |    154 |   1 |  196.0 |
          Lair |   6054 |   4655 |   1399 |    177 |   3009 |   5 | 1210.8 |
         Swamp |   3583 |   3173 |    410 |    635 |   1474 |   4 |  895.8 |
   Spider Nest |   3936 |   3660 |    276 |    190 |   2226 |   4 |  984.0 |
    Slime Pits |    422 |    296 |    126 |      0 |    267 |   5 |   84.4 |
  Orcish Mines |   2001 |   1335 |    666 |    112 |    674 |   2 | 1000.5 |
   Elven Halls |   3568 |   3084 |    484 |     31 |   2014 |   3 | 1189.3 |
        Vaults |   5678 |   4534 |   1144 |    271 |   2678 |   4 | 1419.5 |
         Crypt |   3944 |   3439 |    505 |    337 |   1644 |   3 | 1314.7 |
        Depths |   5466 |   4375 |   1091 |    261 |   2623 |   4 | 1366.5 |
           Zot |   7806 |   6452 |   1354 |   1909 |   2454 |   5 | 1561.2 |
      Ice Cave |     50 |     50 |      0 |     31 |      3 |   1 |   50.0 |
        Wizlab |    373 |    373 |      0 |     13 |     67 |   1 |  373.0 |
      Gauntlet |    646 |    646 |      0 |      7 |    297 |   1 |  646.0 |
               +--------+--------+--------+--------+--------+-----+--------+

Top non-repeatable levels by time:
   Zot:5: 3236 daAuts
Vaults:1: 1787 daAuts
Depths:2: 1704 daAuts
Vaults:3: 1549 daAuts
    D:11: 1548 daAuts
Vaults:2: 1493 daAuts
  Lair:2: 1491 daAuts
Spider:4: 1473 daAuts
    D:12: 1430 daAuts
   Zot:4: 1419 daAuts
     D:5: 1414 daAuts
   Zot:1: 1392 daAuts
  Lair:3: 1358 daAuts
 Crypt:1: 1351 daAuts
     D:9: 1335 daAuts
